 Dungeon Crawl Stone Soup version 0.25-a0-516-g7d600cd (webtiles) character file.

Game seed: 14252483875585328159, levelgen mode: deterministic

55 15 the Ruffian (level 3, 0/31 HPs)
             Began as a Draconian Transmuter on Feb 16, 2020.
             Succumbed to a worker ant's poison
             ... on level 2 of the Dungeon.
             The game lasted 00:02:47 (769 turns).

15 the Ruffian (Draconian Transmuter)                Turns: 769, Time: 00:02:48

Health: 0/31       AC:  5    Str: 13    XL:     3   Next: 67%
Magic:  5/8        EV: 13    Int: 13    God:
Gold:   60         SH:  0    Dex: 11    Spells: 6/9 levels left

rFire    . . .     SeeInvis .     - Unarmed
rCold    . . .     Gourm    .   (no shield)
rNeg     . . .     Faith    .   (armour unavailable)
rPois    .         Spirit   .   (helmet restricted)
rElec    .         Reflect  .   (no cloak)
rCorr    .         Harm     .   (no gloves)
MR       .....                  (no boots)
Stlth    ++........             (no amulet)
HPRegen  0.10/turn              (no ring)
MPRegen  0.11/turn              (no ring)

@: lethally poisoned (0 -> -3)
A: unfitting armour, cold-blooded, AC +5
a: no special abilities


You were on level 2 of the Dungeon.
You were not hungry.

You visited 1 branch of the dungeon, and saw 2 of its levels.

You collected 60 gold pieces.

Inventory:

Missiles
 a - 31 arrows
Scrolls
 e - a scroll of remove curse {unknown}
 g - a scroll of random uselessness {unknown}
 h - 2 scrolls of enchant armour {unknown}
Potions
 f - a potion of agility
 j - a potion of cancellation
Comestibles
 b - 2 chunks of flesh
 c - 2 rations


   Skills:
 * Level 3.2 Fighting
 * Level 3.3 Dodging
 + Level 1.6 Stealth
   Level 1.7 Shields
 + Level 4.3 Unarmed Combat
 * Level 3.6 Spellcasting
   Level 2.6 Conjurations
 * Level 3.8 Transmutations
   Level 3.1 Invocations
   Level 2.6 Evocations


You had 6 spell levels left.
You knew the following spells:

 Your Spells              Type           Power        Failure   Level  Hunger
a - Beastly Appendage     Tmut           ##....       4%          1    #......
b - Sticks to Snakes      Tmut           ##......     7%          2    ##.....

Your spell library contained the following spells:

 Spells                   Type           Power        Failure   Level  Hunger
 Spider Form              Tmut/Pois      #.........   30%         3    ###....
 Ice Form                 Ice/Tmut       #.......     69%         4    #####..
 Blade Hands              Tmut           ##........   77%         5    ######.


Dungeon Overview and Level Annotations

Branches:
Dungeon (2/15)

Altars:


Innate Abilities, Weirdness & Mutations

Your plain brown scales are hard. (AC +5)
You cannot fit into any form of body armour.
You are cold-blooded and may be slowed by cold attacks.


Message History

Your Stealth skill increases to level 1!
Your Shields skill increases to level 1!
Your Unarmed Combat skill increases to level 4!
Your Spellcasting skill increases to level 3!
Your Conjurations skill gained 2 levels and is now at level 2!
Your Transmutations skill increases to level 3!
Your Invocations skill gained 3 levels and is now at level 3!
Your Evocations skill gained 2 levels and is now at level 2!
You have reached level 3!
Your experience leads to an increase in your attributes!
Increase (S)trength, (I)ntelligence, or (D)exterity?
You feel stronger.
Your scales feel tougher.
Your talons disappear.
* * * LOW HITPOINT WARNING * * *
You feel sick.
* * * LOW HITPOINT WARNING * * *
You feel sick.
* * * LOW HITPOINT WARNING * * *
You feel sick.
You die...

##### ### #...###
##...
#.<@..###...>.
#.............
###...÷♣....##
###a....###
#.##.(.## #.....##
#########.....###
..........a.....>#
.#####.......##.#


You could see a worker ant.

Vanquished Creatures
  A dart slug (D:2)
  8 bats
  A goblin (D:1)
  2 hobgoblins (D:1)
  A frilled lizard (D:1)
  4 kobolds (D:1)
  2 rats (D:1)
19 creatures vanquished.

Notes
Turn   | Place    | Note
-------+----------+-------------------------------------------
     0 | D:1      | 15 the Draconian Transmuter began the quest for the Orb.
     0 | D:1      | Reached XP level 1. HP: 16/16 MP: 3/3
   182 | D:1      | Reached XP level 2. HP: 21/23 MP: 5/5
   213 | D:1      | Learned a level 2 spell: Sticks to Snakes
   761 | D:2      | Reached skill level 1 in Stealth
   761 | D:2      | Reached skill level 1 in Shields
   761 | D:2      | Reached skill level 4 in Unarmed Combat
   761 | D:2      | Reached XP level 3. HP: 3/31 MP: 4/8
   766 | D:2      | HP: 1/31 [poisoned by a worker ant]
   769 | D:2      | Succumbed to a worker ant's poison

Levels and vault maps discovered:
D:1:      dpeg_arrival_rooms_with_view, layout_loops_ring, serial_bayou_pond_a,
          chequers_serial_rivers_micro_b
D:2:      layout_basic, old_standard_altar, grunt_ministairs_12

Skill      XL: |  1  2 |
---------------+-------+-----
Dodging        | 3 |  3.3
Fighting       | 3 |  3.2
Stealth        | 1 |  1.6
Shields        | 1 |  1.7
Unarmed Combat | 4 |  4.3
Spellcasting   | 3 |  3.6
Conjurations   | 2 |  2.6
Transmutations | 3 |  3.8
Invocations    | 3 |  3.1
Evocations     | 2 |  2.6

Action                   || total
-------------------------++-------
Melee: Unarmed           ||    70
       Tailslap          ||     4
       Kick              ||     3
 Cast: Beastly Appendage ||     2
       Sticks to Snakes  ||     1
  Use: Scroll            ||     3
       Potion            ||     1
Armor: Skin              ||    29
Dodge: Dodged            ||    52

Table legend:
 A = Non-vault XP
 B = Vault XP
 C = Vault XP percentage of total XP
 D = Non-vault monster count
 E = Vault monster count
 F = Vault count percentage of total count
                 A         B        C        D         E       F
            +---------+---------+-------+---------+---------+-------
      Total |      24 |       8 |  25.0 |      15 |       4 |  21.1
            +---------+---------+-------+---------+---------+-------
        D:1 |      23 |       2 |   8.0 |      14 |       2 |  12.5
        D:2 |       1 |       6 |  85.7 |       1 |       2 |  66.7
            +---------+---------+-------+---------+---------+-------
